Cogmind - Beta 13 @@@ ROGUE MODE // 2024.04.09 @ 20:46:39 Player: Biasface Result: Destroyed by V0-M1T(R) with Subdweller Beam Cannon Performance ------------- Evolutions (0) 0 Regions Visited (3) 600 Robots Destroyed (32) 160 Value Destroyed (630) 630 Prototype IDs (12) 240 Alien Tech Used (0) 0 Bonus (0) 0 TOTAL SCORE: 1630 Bonus ------- None Cogmind --------- Core Integrity 0/250 Matter 220/300 Energy 200/200 System Corruption 3% Temperature Cool (9) Movement Treading (240) Ox1 Location -10/Subcaves Parts ------- > --- POWER (1) -------- Subdweller Power Source > --- PROPULSION (2) --- Light Treads > --- UTILITY (2) ------ Large Storage Unit Structural Scanner > --- WEAPON (2) ------- Mini Grenade Launcher > --- INVENTORY (15) --- Ion Engine Myomer Leg VTOL Module VTOL Module VTOL Module VTOL Module Cesium-ion Thruster Disposable Heat Sink Improved Light Armor Plating Improved Light Armor Plating Hacking Suite Rocket Launcher Peak State ------------ > --- POWER ------------ Makeshift Power Source > --- PROPULSION ------- Spiked Treads Myomer Leg > --- UTILITY ---------- Large Storage Unit Subdweller Optics > --- WEAPON ----------- Light Assault Rifle Battle Rifle > --- INVENTORY -------- Light Treads Spiked Treads VTOL Module VTOL Module VTOL Module VTOL Module Cesium-ion Thruster Disposable Heat Sink Structural Scanner Improved Light Armor Plating Improved Light Armor Plating Hacking Suite Assault Rifle Rocket Launcher Mini Grenade Launcher [Rating: 22] Favorites ----------- Power Light Ion Engine Engine Light Ion Engine Propulsion Light Treads Treads Light Treads Leg Myomer Leg Utility Large Storage Unit Device Seismic Detector Storage Large Storage Unit Weapon Light Assault Rifle Energy Gun Particle Gun Ballistic Gun Light Assault Rifle Launcher Mini Grenade Launcher Build | -11 -10 -10 -10 ------- Run | Yrd Mat Min Sub Slots Evolved . | . . . . Power . | . . . . Propulsion . | . . . . Utility . | . . . . Weapon . | . . . . Parts Attached 38 | 7 8 7 16 Power 7 | 1 1 1 4 Engine 7 | 1 1 1 4 Core . | . . . . Reactor . | . . . . Propulsion 13 | 2 3 2 6 Treads 12 | 2 3 2 5 Leg 1 | . . . 1 Wheel . | . . . . Hover . | . . . . Flight . | . . . . Utility 5 | 2 1 . 2 Device 3 | 1 . . 2 Storage 2 | 1 1 . . Processor . | . . . . Hackware . | . . . . Protection . | . . . . Artifact . | . . . . Weapon 13 | 2 3 4 4 Energy Gun 4 | 1 1 1 1 Energy Cannon . | . . . . Ballistic Gun 7 | 1 2 2 2 Ballistic Cannon . | . . . . Launcher 2 | . . 1 1 Special Weapon . | . . . . Impact Weapon . | . . . . Slashing Weapon . | . . . . Piercing Weapon . | . . . . Special Melee Weapon . | . . . . Unidentified Prototypes . | . . . . Parts Lost 12 | . 1 2 9 Power 3 | . . 1 2 Propulsion 5 | . 1 1 3 Utility . | . . . . Weapon 4 | . . . 4 Highest Loss Streak 5 | . 1 1 5 To Critical Strikes . | . . . . Average Slot Usage (%) 98 | . 99 99 96 Engine 13 | . 14 13 12 Treads 25 | . 27 28 18 Leg 2 | . . . 8 Device 14 | . 14 14 14 Storage 14 | . 14 14 14 Energy Gun 10 | . 14 13 1 Ballistic Gun 16 | . 13 13 24 Naked Turns . | . . . . Heaviest Build 31 | 12 29 31 30 Greatest Support 40 | 40 40 40 40 Greatest Overweight (x) 3 | 2 3 . 1 Average Overweight (x) . | . . . . Largest Inventory Capacity 15 | 8 15 15 15 Average Capacity 13 | 7 13 15 15 Most Carried 15 | 4 12 14 15 Average Carried 11 | 3 10 12 13 Final Capacity 15 | 8 15 15 15 Final Carried 13 | 4 11 13 12 Class Distribution -------------------- 94% | Mutant 5% | Derelict-Mutant Dominant Class ---------------- Mutant | -10/Materials Mutant | -10/Mines Mutant | -10/Subcaves Resources | -11 -10 -10 -10 ----------- Run | Yrd Mat Min Sub Matter Collected 901 | 291 212 139 259 Remotely . | . . . . Salvage Created 815 | 67 517 65 166 Parts 64 | 11 41 3 9 Haulers Intercepted 2 | . 2 . . Recyclers Shooed . | . . . . Parts Field Recycled . | . . . . Retrieved Matter . | . . . . Parts Self-Destructed 19 | . . . 19 Prevented . | . . . . Kills | -11 -10 -10 -10 ------- Run | Yrd Mat Min Sub Combat Hostiles Destroyed 22 | . 12 4 6 Guns 19 | . 12 3 4 AOE 3 | . . 1 2 Classes Destroyed 10 | 1 7 1 1 Worker 1 | . 1 . . Builder 1 | . 1 . . Tunneler 5 | 4 . 1 . Hauler 2 | . 2 . . Operator 2 | . 2 . . Watcher 2 | . 2 . . Swarmer 8 | . 6 . 2 Grunt 8 | . 6 1 1 Subdweller 3 | . . . 3 Assembled 3 | . . 3 . Best Kill Streak 5 | 1 5 2 3 Combat Bots Only 5 | . 5 2 3 Max Kills in Single Turn 2 | 1 1 2 1 Gunslinging 1 | . . 1 . Exploded 1 | . . 1 1 Melee . | . . . . Uniques/NPCs Destroyed . | . . . . Combat | -11 -10 -10 -10 -------- Run | Yrd Mat Min Sub Hostile Shots Fired 124 | . 53 20 51 Missed 30 | . 18 3 9 Damage Taken 1773 | . 410 386 977 Core 272 | . 36 57 179 Absorbed by Shields . | . . . . Core Remaining (%) 100 | 100 . . . Volleys Fired 108 | 7 58 15 28 Largest 2 | 2 2 2 2 Hottest 85 | 60 85 60 85 Shots Fired 197 | 14 116 27 40 Gun 189 | 14 116 24 35 Cannon . | . . . . Launcher 8 | . . 3 5 Special . | . . . . Kinetic 113 | 7 58 15 33 Thermal 67 | 7 58 . 2 Explosive 8 | . . 3 5 Electromagnetic 9 | . . 9 . Robot Hit Streak 17 | 4 17 8 14 Robot Miss Streak 4 | 1 4 1 1 Penetration Max . | . . . . Secondary Targets 3 | . 2 1 . Max Gunslinging Chain 1 | . 1 1 . Shots Hit Robots 132 | 9 73 18 32 Core Hits 59 | 4 28 14 13 Critical Kills . | . . . . Critical Parts Destroyed . | . . . . Critical Strikes . | . . . . Melee Attacks . | . . . . Impact . | . . . . Slashing . | . . . . Piercing . | . . . . Sneak Attacks . | . . . . Combat Hostiles . | . . . . Follow-up Attacks . | . . . . Damage Inflicted 2163 | 106 947 494 616 Guns 1512 | 106 944 180 282 Cannons . | . . . . Explosions 648 | . . 314 334 Melee . | . . . . Ramming 3 | . 3 . . Kinetic 872 | 38 463 89 282 Thermal 549 | 68 481 . . Explosive 648 | . . 314 334 Electromagnetic 91 | . . 91 . Impact . | . . . . Slashing . | . . . . Piercing . | . . . . Highest Corruption 3 | . . 3 3 Average Corruption 3 | . . 3 3 Corruption Purged . | . . . . Corruption Blocked . | . . . . Effects 54 | . . 21 33 Message Errors 11 | . . 3 8 Matter Fused 19 | . . 5 14 Heat Flow Errors 3 | . . 1 2 Energy Discharges 7 | . . 4 3 Parts Rejected 1 | . . 1 . Parts Fused 1 | . . 1 . Data Loss (minor) 7 | . . 3 4 Data Loss (major) 3 | . . 2 1 Misfires 1 | . . . 1 Alerts 1 | . . 1 . Overload Shots . | . . . . Overflow Damage 25 | . . 25 . Projectiles . | . . . . Explosions 25 | . . 25 . Melee . | . . . . Knockbacks . | . . . . Impact . | . . . . Kinetic . | . . . . Secondary . | . . . . Self-Inflicted Damage 153 | . . 84 69 Shots 5 | . . 2 3 Rammed 2 | . 2 . . Targets Rammed 3 | . 3 . . Kicked . | . . . . Crushed 1 | . 1 . . Highest Temperature 181 | . 128 125 181 Average Temperature 38 | . 31 51 66 Received Heat Transfer 413 | . 90 101 222 Siege Activations . | . . . . Robots Corrupted . | . . . . Combat Hostiles . | . . . . Parts Fried . | . . . . Impact Corruptions . | . . . . Robots Melted . | . . . . Combat Hostiles . | . . . . Parts Melted 4 | 2 1 . 1 Heat Transferred 1218 | 150 1068 . . Parts Sabotaged . | . . . . Parts Stolen . | . . . . Parts Stripped . | . . . . Power Chain Reactions . | . . . . Alert | -11 -10 -10 -10 ------- Run | Yrd Mat Min Sub Peak Influence 261 | 20 261 60 . Initial 13 | . 13 6 . Average 29 | 10 46 10 . Maximum Alert Level 1 | . 1 . . Low Security (%) 98 | 100 96 100 . Level 1 1 | . 3 . . Level 2 . | . . . . Level 3 . | . . . . Level 4 . | . . . . Level 5 . | . . . . High Security . | . . . . Max Security . | . . . . Squads Dispatched 5 | . 4 1 . Investigation 3 | . 2 1 . Extermination . | . . . . Reinforcement 2 | . 2 . . Assault . | . . . . Garrison . | . . . . Intercept . | . . . . Searches Triggered . | . . . . Construction Impeded . | . . . . Haulers Reinforced . | . . . . Active Scanning Responses . | . . . . Cargo Convoy Interrupts . | . . . . Stealth | -11 -10 -10 -10 --------- Run | Yrd Mat Min Sub Distress Signals . | . . . . Communications Jammed . | . . . . Distress Signals . | . . . . Times Spotted 58 | . 25 8 25 Peak Tracking Total 11 | . 4 11 5 Tactical Retreats 4 | . . 1 3 Traps | -11 -10 -10 -10 ------- Run | Yrd Mat Min Sub Traps Triggered 4 | . 4 . . Indirectly . | . . . . Trap Hack Attempts . | . . . . Triggered . | . . . . Disarmed . | . . . . Reprogrammed . | . . . . Reused . | . . . . Traps Extracted . | . . . . Installed . | . . . . Triggered 1 | . . . 1 Machines | -11 -10 -10 -10 ---------- Run | Yrd Mat Min Sub Machines Disabled 1 | . . 1 . Max in Single Turn 1 | . . 1 . Machines Repaired . | . . . . Machines Dismantled . | . . . . Machines Sabotaged . | . . . . Overloaded Fab Kills . | . . . . Hacking | -11 -10 -10 -10 --------- Run | Yrd Mat Min Sub Machines Accessed 7 | . 5 1 1 Terminals 4 | . 4 . . Fabricators . | . . . . Repair Stations . | . . . . Recycling Units 1 | . 1 . . Scanalyzers . | . . . . Garrison Access . | . . . . Total Hacks 24 | . 14 1 9 Successful 16 | . 6 1 9 Failed 8 | . 8 . . Catastrophic 2 | . 2 . . Database Lockouts . | . . . . Manual 10 | . 9 . 1 Terminals 11 | . 11 . . Fabricators . | . . . . Repair Stations . | . . . . Recycling Units 3 | . 3 . . Scanalyzers . | . . . . Garrison Access . | . . . . Terminal Hacks 15 | . 5 1 9 Record 8 | . . . 8 Robot Analysis 2 | . 2 . . Prototype ID Bank 1 | . 1 . . Open Door 1 | . . 1 . Hauler Manifests 1 | . 1 . . Registered Components 1 | . 1 . . Derelict Proto ID Bank 1 | . . . 1 Fabricator Hacks . | . . . . Repair Station Hacks . | . . . . Recycling Unit Hacks 1 | . 1 . . Retrieve Components 1 | . 1 . . Scanalyzer . | . . . . Garrison Access Hacks . | . . . . Unauthorized Hacks . | . . . . Terminals . | . . . . Fabricators . | . . . . Repair Stations . | . . . . Recycling Units . | . . . . Scanalyzers . | . . . . Garrison Access . | . . . . Data Cores Recovered . | . . . . Used . | . . . . Hacking Detections 5 | . 5 . . Full Trace Events 1 | . 1 . . Feedback Events . | . . . . Feedback Blocked . | . . . . Robot Schematics Acquired . | . . . . Robots Built . | . . . . Authchips . | . . . . Time . | . . . . Total Robot Build Rating . | . . . . Part Schematics Acquired . | . . . . Parts Built . | . . . . Authchips . | . . . . Time . | . . . . Total Part Build Rating . | . . . . Parts Repaired . | . . . . Time . | . . . . Parts Recycled . | . . . . Recycled Matter . | . . . . Retrieved Matter . | . . . . Retrieved Components 10 | . 10 . . Parts Scanalyzed . | . . . . Part Schematics Acquired . | . . . . Parts Damaged . | . . . . Bothacking | -11 -10 -10 -10 ------------ Run | Yrd Mat Min Sub Used RIF Installer . | . . . . Robots Hacked . | . . . . Non-combat . | . . . . Combat . | . . . . Robot Hacks Applied . | . . . . Relay Couplers Released . | . . . . Fabnet Peak Effective % . | . . . . Robots Rewired . | . . . . Allies Hacked . | . . . . Hacks Repelled . | . . . . Allies | -11 -10 -10 -10 -------- Run | Yrd Mat Min Sub Total Allies . | . . . . Largest Group . | . . . . Highest-Rated Group . | . . . . Highest-Rated Ally . | . . . . Total Orders . | . . . . Ally Attacks . | . . . . Total Damage . | . . . . Kills . | . . . . Allies Corrupted . | . . . . Allies Melted . | . . . . Intel | -11 -10 -10 -10 ------- Run | Yrd Mat Min Sub Robot Analysis Total 2 | . 2 . . Derelict Logs Recovered 2 | . . 1 1 Drone Launches . | . . . . Drone Recoveries . | . . . . Exploration | -11 -10 -10 -10 ------------- Run | Yrd Mat Min Sub Turns Passed 5681 | 392 2228 1596 1465 Spaces Moved 2976 | 228 1197 911 640 Core 16 | 15 1 . . Treads 2942 | 213 1196 911 622 Legs 18 | . . . 18 Wheels . | . . . . Hover . | . . . . Flight . | . . . . Fastest Speed 50 | 50 160 160 120 Average Speed 171 | 156 160 160 213 Slowest Speed 260 | 160 200 160 260 Overloaded Moves . | . . . . Propulsion Burnouts . | . . . . Robots Hopped . | . . . . Cave-ins Triggered . | . . . . Exploration Rate (%) 62 | 11 99 99 39 Regions Visited 3 Branch Regions 2 Pre-discovered Areas . | . . . . Known Exits Taken . | . . . . Unknown Exits Taken 3 | 1 1 1 . Scrap Searched 4 | . . 1 3 Spaces Dug . | . . . . Terrain Destroyed 90 | . . 40 50 Melee . | . . . . Projectile . | . . . . AOE 90 | . . 40 50 Terrain Rammed . | . . . . Walls Destroyed . | . . . . Machines Disabled . | . . . . Actions | -11 -10 -10 -10 --------- Run | Yrd Mat Min Sub Total 3373 | 247 1397 1024 705 Wait 206 | . 112 86 8 Move 2973 | 227 1196 910 640 Hop . | . . . . Pick Up 29 | 5 12 5 7 Fast Attach 14 | 7 3 . 4 Attach 10 | . 1 3 6 Detach . | . . . . Swap 14 | . 4 4 6 Drop 16 | 1 8 1 6 Fire 108 | 7 58 15 28 Melee . | . . . . Ram . | . . . . Kick . | . . . . Crush 3 | . 3 . . Escape Stasis . | . . . . Rewire . | . . . . Trap . | . . . . Miscellaneous . | . . . . Route ------- -11/Scrapyard -10/Materials (discovered 5 exits: [*Mat x3] / *Min / *Sub) -10/Mines (discovered 4 exits: [*Mat x2] / [*Exi] / *Sub) -10/Subcaves History --------- Turn | Location | Event 35 | -11/Scrapyard | Discovered new exit (range 16) 393 | -11/Scrapyard | Entered Materials 394 | -10/Materials | Build established: Mutant 764 | -10/Materials | Discovered new exit (range 16) 822 | -10/Materials | Discovered new exit (range 5) 1473 | -10/Materials | Discovered new exit (range 9) 1705 | -10/Materials | Discovered new exit (range 16) 2244 | -10/Materials | Discovered new exit (range 16) 2621 | -10/Materials | Entered Mines 2810 | -10/Mines | Assembled infested the area 3296 | -10/Mines | Discovered new exit (range 9) 3400 | -10/Mines | Received a Rocket Launcher from a helpful Derelict 3737 | -10/Mines | Discovered new exit (range 3) 3818 | -10/Mines | Met a Derelict shopkeep closing up shop 4001 | -10/Mines | Discovered new exit (range 9) 4175 | -10/Mines | Discovered new exit (range 9) 4217 | -10/Mines | Entered Subcaves 4219 | -10/Subcaves | Learned Materials terminal intel 4340 | -10/Subcaves | Shifting Twisted Machinery released Mak. Kinetic Plating 4340 | -10/Subcaves | Shifting Twisted Machinery released Multitool 4377 | -10/Subcaves | Ambushed by swarm of Subdwellers 4423 | -10/Subcaves | Lost 4 parts (1p1n2w) 5016 | -10/Subcaves | Visited 4L-MR0's lab 5291 | -10/Subcaves | Shifting Twisted Machinery released Sub. Power Source 5338 | -10/Subcaves | Shifting Twisted Machinery released Sub. Laser 5484 | -10/Subcaves | A swath of the cavern ceiling suddenly collapsed 5600 | -10/Subcaves | A Subdweller sparked back to life 5624 | -10/Subcaves | Core integrity fell below 50% 5644 | -10/Subcaves | Core integrity fell below 20% 5670 | -10/Subcaves | Lost 5 parts (1p2n2w) 5682 | -10/Subcaves | Destroyed by V0-M1T(R) with Subdweller Beam Cannon Last Messages --------------- repair. 05606_ AR-LJZ(R) suffers critical hit (Burn). 05608_ VU-RV7(g) destroyed. 05615_ System corrupted: FCS attempts to trigger Lgt. Assault Rifle. 05615_ System corrupted: Lgt. Assault Rifle misfires. 05620_ AR-LJZ(R) affixes Scrap Shield Fragment to Unknown Protection. 05625_ Sub. Laser melted. 05625_ AR-LJZ(R) destroyed. 05626_ Spk. Treads destroyed. 05628_ Lgt. Assault Rifle destroyed. 05628_ Battle Rifle destroyed. 05631_ Acquired 40 matter. 05639_ Mak. Power Source destroyed. 05639_ Spk. Treads destroyed. 05641_ 7L-SLU(R) destroyed. 05645_ OA-R0F(R) destroyed. 05647_ The unstable cave ceiling collapses. Map ----- +----------------------------------------------------+ | ??????????????????????######### # ##?????????????? | | ????????????????????????#######""###?????????????? | | ???????????????????????????####"####?????????????? | | ???????????????????????????##"" ####?????????????? | | ???????????????????????????###""#"##?????????????? | | ???????????????????????????####"#"#####??????????? | | ????????????????????????????###"""######?????????? | | ????????????????????????????####"""" ###?????????? | | ?????????????????????????????#######""##?????????? | | ??????????????????????????????####"#""###????????? | | ????????????????????????????????##"""####????????? | | ???????????????????????????????###"#"""##????????? | | ???????????????????????????????##"###""##????????? | | ???????????????????????????????######""###???????? | | ???????????????????????????????######""###???????? | | ??????????????????????????????????###""###???????? | | ??????????????????????????????????## " ###???????? | | ?????######?############????######## ###???????? | | #########################???######## ##???????? | | ####### ### <<### ###???## ## ###???????? | | #" ## <<< ##??### ## %###???????? | | """"" ## ###?### # ###???????? | | " """ = ###### ###???????? | | # ## "" % & #### ## ##???????? | | " ## # # " ## ###??### ####???????? | | ??#### # #### ## @ ##???## ####???????? | | ???### #### # ######## ##????????? | | ????### ########## ######## ##????????? | | ????##########?### ## ## ###???????? | | ?????###????????## # R## ## ###???????? | | ????????????????#### R ## ##???????? | | ????????????????#### | ###???????? | | ??????????????????##### ## ####???????? | | ??????????????????##### #### ###????????? | | ????????????????????### ## ###?????????? | | ????????????????????## ###?????????? | | ????????????????????## ###?????????? | | ????????????????????## ##?????????? | | ???????????????????### ## ###?????????? | | ???????????????????## #### #####?????????? | | ??????????????????? ###### ####??????????? | | ??????????????????? ###### ##????????????? | | ?????????????????? ??## ###????????????? | | ?????????????????? ???## ###????????????? | | ??????????????????? ## ??? ###?????????????? | | ???????????????????### ???? ###?????????????? | | ????????????????????# ## ???? ##???????????????? | | ?????????????????????? ###?????###???????????????? | | ?????????????????????????????????????????????????? | | ?????????????????????????????????????????????????? | +----------------------------------------------------+ Best States ------------- Heat Dissipation 25 Energy Generation 15 Energy Capacity 200 Matter Stores 300 Matter Capacity 300 Sight Range 21 Terrain Scan Density 10 Evasion (%) 55 Recoil Reduction 2 Item Schematics ----------------- None Robot Schematics ------------------ None Fabricated ------------ Nothing Alien Tech Used ----------------- None Achievements -------------- I Survived The Infestation Challenges ------------ None Game ------ Seed ReactiveClaymoresLoader Manual? 0 Play Time 00:27:51 Cumulative 4.8 hours Start 2024.04.09 @ 20:18:48 End 2024.04.09 @ 20:46:39 Sessions 1 Manual Loads 0 Difficulty Rogue Special Mode None Game No. 6 Rogue 6 Adventurer 0 Explorer 0 Win Type - Total 0 Types 0/0/0/0/0/0/0/0/0 Lore% 15 Gallery% 11 Achievement% 11 Wizard Run 0 Options --------- Layout 1 ASCII 0 Keyboard 0 Movement Arrows Keybinds 0 Fullscreen 1 Font 24/Smallcaps Map View 50x35 Zoom Use 0% Tactical HUD 1 Map Filters NONE Filters NONE Steam 1 RUN: fb0d73c9-a3af-43a3-9c3f-bfb65a28d44b